 Dungeon Crawl Stone Soup version 0.28.0-43-g3370ac3207 (webtiles) character file.

Game seed: 10805795285327502539

12611 themarg the Destroyer (level 11, -1/61 HPs)
             Began as a Tengu Conjurer on Mar 19, 2022.
             Was an Elder of Hepliaklqana.
             Slain by a five-headed hydra (13 damage)
             ... on level 1 of the Lair of Beasts.
             The game lasted 01:02:16 (12388 turns).

themarg the Destroyer (Tengu Conjurer)             Turns: 12388, Time: 01:02:17

Health: -1/61      AC:  7    Str:  8    XL:     11   Next: 96%
Magic:  31/33      EV: 15    Int: 22    God:    Hepliaklqana [****..]
Gold:   529        SH:  5    Dex: 13    Spells: 18/27 levels left

rFire   + . .      SeeInvis .   K - +2 dagger (flame)
rCold   . . .      Faith    .   H - +0 buckler
rNeg    . . .      Spirit   .   a - +0 robe
rPois   .          Reflect  .   P - +2 hat
rElec   .          Harm     .   G - +1 cloak "Qossimmu" {rF+}
rCorr   .          Rampage  .   i - +0 pair of gloves
Will    .....                   (boots unavailable)
Stlth   +++.......              v - amulet of magic regeneration
HPRegen 0.20/turn               n - ring of magical power
MPRegen 0.63/turn               (no ring)

@: flying quickly and evasively, quick
A: reduced essence, beak, talons 3, nimble flight
a: Renounce Religion, Recall Ancestor, Ancestor Identity, Transference, Idealise


You were on level 1 of the Lair of Beasts.
You worshipped Hepliaklqana.
Hepliaklqana was greatly pleased with you.
You visited 2 branches of the dungeon, and saw 10 of its levels.
You also visited: Ice Cave.

You collected 529 gold pieces.

Inventory:

Hand Weapons
 K - a +2 dagger of flaming (weapon)
Missiles
 b - 2 throwing nets
 c - 417 stones
 C - 12 poisoned darts
Armour
 a - a +0 robe (worn)
 i - a +0 pair of gloves (worn)
 p - +0 steam dragon scales
 G - the +1 cloak "Qossimmu" (worn) {rF+}
   (You found it on level 6 of the Dungeon)

   rF:        It protects you from fire.
 H - a +0 buckler (worn)
 P - a +2 hat (worn)
Jewellery
 n - a ring of magical power (left hand)
 v - an amulet of magic regeneration (around neck)
 B - an amulet of guardian spirit
 N - an amulet of faith
Wands
 x - a wand of flame (3)
 D - a wand of paralysis (8)
 I - a wand of digging (4)
Scrolls
 d - a scroll of enchant weapon {unknown}
 j - a scroll of blinking {unknown}
 l - 2 scrolls of magic mapping
 m - 4 scrolls of vulnerability
 o - 3 scrolls of teleportation
 q - a scroll of holy word {unknown}
 y - a scroll of torment {unknown}
 F - 5 scrolls of immolation {unknown}
 J - a scroll of noise {unknown}
Potions
 e - 3 potions of flight
 f - 6 potions of curing
 g - a potion of mutation {unknown}
 h - 3 potions of degeneration
 k - a potion of invisibility {unknown}
 r - 2 potions of might {unknown}
 s - a potion of resistance {unknown}
 t - a potion of magic {unknown}
 u - 3 potions of ambrosia
 w - 2 potions of attraction
 z - a potion of lignification {unknown}
 A - a potion of heal wounds
 E - a potion of experience {unknown}
 L - a potion of berserk rage {unknown}
 M - a potion of haste {unknown}
Miscellaneous
 O - a tin of tremorstones (1/2)


   Skills:
 + Level 8.2 Fighting
 + Level 9.0 Short Blades
 + Level 4.4 Dodging
 - Level 5.0 Stealth
 - Level 5.0 Shields
 + Level 8.6 Spellcasting
 - Level 10.3 Conjurations
 + Level 3.2 Air Magic
 + Level 2.6 Poison Magic
 + Level 3.6 Invocations


You had 18 spell levels left.
You knew the following spells:

 Your Spells              Type           Power      Damage    Failure   Level
a - Magic Dart            Conj           100%       1d8       1%          1
b - Searing Ray           Conj           100%       2d8       1%          2
c - Poisonous Vapours     Pois/Air       44%        N/A       4%          2
d - Fulminant Prism       Conj/Hex       16%        3d11      11%         4

Your spell library contained the following spells:

 Spells                   Type           Power      Damage    Failure   Level
 Static Discharge         Conj/Air       39%        N/A       1%          2
 Conjure Flame            Conj/Fire      32%        6-21      3%          3
 Dazzling Flash           Conj/Hex       64%        N/A       3%          3
 Sting                    Tmut/Pois      60%        1d6       5%          1
 Corpse Rot               Necr/Air       32%        N/A       7%          2
 Apportation              Tloc           18%        N/A       9%          1
 Hailstorm                Conj/Ice       32%        3d8       11%         4
 Iskenderun's Mystic Bla  Conj/Tloc      32%        2d8       11%         4
 Gell's Gravitas          Tloc           9%         N/A       26%         3
 Inner Flame              Hex/Fire       9%         N/A       26%         3
 Lesser Beckoning         Tloc           9%         N/A       26%         3
 Teleport Other           Tloc           9%         N/A       26%         3
 Olgreb's Toxic Radiance  Pois           21%        N/A       30%         4
 Cause Fear               Hex            4%         N/A       65%         4
 Dispel Undead            Necr           9%         3d8       65%         4
 Passage of Golubria      Tloc           9%         N/A       65%         4
 Silence                  Hex/Air        8%         N/A       77%         5
 Alistair's Intoxication  Tmut/Pois      10%        N/A       82%         5
 Death Channel            Necr           4%         N/A       100%        6
 Dispersal                Tloc           4%         N/A       100%        6
 Discord                  Hex            4%         N/A       100%        8
 Lehudib's Crystal Spear  Conj/Erth      16%        10d5      100%        8


Dungeon Overview and Level Annotations

Branches:
Dungeon (8/15)             Temple (0/1) D:6            Lair (2/6) D:8
  IceCv (visited)
  Swamp: Lair:2-4    Shoals: Lair:2-4     Snake: Lair:2-4    Spider: Lair:2-4

Altars:
Ashenzari
Gozag
Hepliaklqana
Okawaru
Qazlal
Ru
Trog
Wu Jian
Yredelemnul
The Shining One

Annotations:
D:6 2 runed translucent doors
Lair:2 2 transporters, Xeumouqe's ghost, journeyman TrBe


Innate Abilities, Weirdness & Mutations

Your life essence is reduced to manifest your ancestor. (-10% HP)
You have a beak for a mouth.
You have claws for feet.
Your magical nature lets you fly swiftly and evasively.


Message History

The five-headed hydra bites you!
The five-headed hydra bites you but does no damage.
The five-headed hydra barely misses you.
The five-headed hydra bites you!
* * * LOW HITPOINT WARNING * * *
The five-headed hydra misses you. The bullfrog closely misses you.
The bullfrog hits you.
* * * LOW HITPOINT WARNING * * *
The bullfrog closely misses you. The bullfrog misses you.
The bullfrog completely misses you. The bullfrog misses you.
The bullfrog swells and bulges.
The bullfrog misses you. The bullfrog hits you.
* * * LOW HITPOINT WARNING * * *
You hit the butterfly. You burn the butterfly.
You kill the butterfly!
The bullfrog closely misses you. The bullfrog hits you.
* * * LOW HITPOINT WARNING * * *
Casting: Searing Ray (safe; 1% risk of failure)
Confirm with . or Enter, or press ? or * to list all spells.
Aiming: Searing Ray (safe; 1% risk of failure)
Press: ? - help, Shift-Dir - straight line, f - five-headed hydra
Aim: a five-headed hydra (94% to hit)
The searing ray hits the bullfrog!
The bullfrog is severely wounded.
The searing ray hits the five-headed hydra.
The five-headed hydra is lightly wounded. (Press . to maintain the ray.)
The bullfrog swells and bulges.
The bullfrog hits you but does no damage.
The searing ray hits the bullfrog!
You kill the bullfrog!
The searing ray hits the five-headed hydra!
The five-headed hydra is moderately wounded.
The five-headed hydra bites you!
You die...

#..## #..........### #...#
##.##........# ###.#
#P.#..######.. #.#
#########.#..## ##.P #.#
####.............####... #.#
#.##......##.P..###.##.#
#.####.........#.........#.#
#..............#.##.........
#####......@...#..#.........
###.....D.......#......#
##...#........#......#
######.#..#............## ######
##..##P.##.#.............#
#^...###....##.#..##............#
....."##.....#..#.##........###.#
.........P...##.#.##....#..P# #..
..P..........#..#.##.P#..#.####..


You could see a five-headed hydra.

Vanquished Creatures
  A cyclops (D:6)
  2 rime drakes
  A komodo dragon (Lair:1)
  A troll (D:6)
  2 slime creatures (D:7)
  A wyvern (D:8)
  5 yaks (D:8)
  A basilisk (D:8)
  4 water moccasins
  An ice beast (D:6)
  4 black bears (D:6)
  2 necrophages
  A sky beast (D:8)
  An ogre (D:5)
  5 wolves
  Blork the orc (D:4)
  A kobold brigand (D:7)
  A wyvern zombie (D:8)
  A bullfrog (Lair:1)
  A water moccasin zombie (D:6)
  3 scorpions
  A wyvern skeleton (D:7)
  Dowan (D:4)
  5 killer bees (D:6)
  2 wights (D:7)
  A centaur zombie (D:8)
  4 bullfrog zombies
  3 hounds (D:6)
  A jelly (D:4)
  2 bullfrog skeletons
  4 orc priests
  2 centaur skeletons (D:5)
  3 iguanas
  3 orc wizards
  2 scorpion zombies (D:5)
  2 hound zombies (D:5)
  A howler monkey zombie (D:5)
  5 adders
  4 gnolls
  An ufetubus (D:5)
  An adder skeleton (D:4)
  A worm (D:2)
  2 dart slugs
  18 orcs
  3 endoplasms
  2 giant cockroaches
  4 goblins
  5 hobgoblins
  2 jackals (D:3)
  4 quokkas
  3 ball pythons
  5 bats
  A frilled lizard (D:1)
  10 kobolds
  3 rats
  A butterfly (Lair:1)
152 creatures vanquished.

Vanquished Creatures (collateral kills)
  Gastronok (Lair:1)
  Harold (D:7)
  A hydra (Lair:1)
  The ghost of seaofthunder the Skirmisher, a novice HOFi (D:5)
  Joseph (D:7)
  2 cane toads
  A rime drake (Lair:1)
  A troll (D:6)
  A polar bear (IceCv)
  A slime creature (D:7)
  A wyvern (D:8)
  4 yaks
  2 basilisks
  Duvessa (D:4)
  4 water moccasins
  2 orc warriors (D:7)
  2 black bears
  An ogre (D:6)
  A water moccasin zombie (D:6)
  A killer bee (D:6)
  2 wights (D:7)
  2 orc priests
  A gnoll shaman (D:8)
  A bullfrog skeleton (D:6)
  An orc wizard (D:7)
  A killer bee zombie (D:7)
  An adder (D:6)
  A gnoll (D:8)
  4 orcs
44 creatures vanquished.

Vanquished Creatures (others)
  3 knights
  2 ancestors
  A bush (D:8)
  9 fungi
  17 plants
32 creatures vanquished.

Grand Total: 228 creatures vanquished

Notes
Turn   | Place    | Note
-------+----------+-------------------------------------------
     0 | D:1      | themarg the Tengu Conjurer began the quest for the Orb.
     0 | D:1      | Reached XP level 1. HP: 10/10 MP: 4/4
   184 | D:1      | Reached XP level 2. HP: 15/15 MP: 4/6
   206 | D:1      | Learned a level 2 spell: Searing Ray
   442 | D:1      | Reached skill level 6 in Conjurations
  1086 | D:2      | Reached XP level 3. HP: 19/19 MP: 2/7
  1548 | D:3      | Found a hazy altar of Hepliaklqana.
  1549 | D:3      | Found an iron altar of Okawaru.
  1553 | D:3      | Became a worshipper of Hepliaklqana the Forgotten
  1756 | D:3      | Found a basalt altar of Yredelemnul.
  1826 | D:3      | Reached XP level 4. HP: 20/24 MP: 7/8
  1903 | D:3      | Found a faded altar of an unknown god.
  2115 | D:3      | Found a sacrificial altar of Ru.
  2245 | D:3      | Found an ornate altar of the Wu Jian Council.
  2785 | D:4      | Noticed Duvessa
  2934 | D:4      | Reached * piety under Hepliaklqana
  3007 | D:4      | Noticed Blork the orc
  3016 | D:4      | Killed Blork the orc
  3017 | D:4      | Reached skill level 7 in Conjurations
  3017 | D:4      | Gained mutation: Your magical nature lets you fly swiftly
                  | and evasively. [Tengu growth]
  3017 | D:4      | Reached XP level 5. HP: 19/25 MP: 8/10
  3099 | D:4      | Found a stormy altar of Qazlal.
  3432 | D:4      | Reached skill level 8 in Conjurations
  3432 | D:4      | Reached XP level 6. HP: 28/28 MP: 11/11
  3616 | D:5      | Entered Level 5 of the Dungeon
  3870 | D:5      | Reached XP level 7. HP: 18/32 MP: 13/13
  4017 | D:5      | Found a broken altar of Ashenzari.
  4476 | D:5      | Reached skill level 1 in Short Blades
  4477 | D:5      | Reached skill level 1 in Fighting
  4477 | D:5      | Reached skill level 9 in Conjurations
  4803 | D:5      | Found a runed translucent door.
  4876 | D:5      | Noticed seaofthunder's ghost (novice HOFi)
  5208 | D:6      | Reached XP level 8. HP: 39/39 MP: 15/15
  5268 | D:6      | Reached ** piety under Hepliaklqana
  5269 | D:6      | Remembered your ancestor Plamen as a knight
  5314 | D:6      | Found a large runed translucent door.
  5368 | D:6      | Found a large runed translucent door.
  5368 | D:6      | Noticed a troll
  5440 | D:6      | Noticed a cyclops
  5448 | D:6      | Killed a cyclops
  5449 | D:6      | Reached skill level 5 in Spellcasting
  5449 | D:6      | Reached skill level 10 in Conjurations
  5565 | D:6      | Found a glowing golden altar of the Shining One.
  5654 | D:6      | Reached XP level 9. HP: 4/46 MP: 16/18
  5672 | D:6      | Found a large runed translucent door.
  5672 | D:6      | Found a large runed translucent door.
  5941 | D:6      | Reached skill level 5 in Short Blades
  6010 | D:6      | Noticed a troll
  6020 | D:6      | Killed a troll
  6021 | D:6      | Reached skill level 5 in Fighting
  6133 | D:6      | Got the Papyrus of Confrontation
  6175 | D:6      | Found a staircase to the Ecumenical Temple.
  6507 | D:6      | Found an opulent altar of Gozag.
  6825 | D:6      | Identified the +1 cloak "Qossimmu" {rF+}
  7473 | D:7      | Reached skill level 1 in Shields
  7537 | D:7      | Reached *** piety under Hepliaklqana
  7766 | D:7      | Reached XP level 10. HP: 54/54 MP: 21/21
  8137 | D:7      | Noticed Harold
  8225 | D:7      | Noticed Joseph
  8246 | D:7      | Killed Joseph
  8462 | D:4      | Noticed Dowan
  8474 | D:4      | Killed Dowan
  8477 | D:4      | Killed Duvessa
  8619 | D:7      | Killed Harold
  9123 | D:8      | Reached skill level 1 in Invocations
  9870 | D:8      | Reached XP level 11. HP: 60/60 MP: 24/24
 10002 | D:8      | Found a staircase to the Lair.
 10599 | D:5      | Killed seaofthunder's ghost
 10974 | D:8      | Learned a level 2 spell: Poisonous Vapours
 10983 | D:8      | Learned a level 4 spell: Fulminant Prism
 10986 | Lair:1   | Entered Level 1 of the Lair of Beasts
 10986 | Lair:1   | Noticed a five-headed hydra
 11005 | Lair:1   | Killed a five-headed hydra
 11006 | Lair:1   | Reached skill level 1 in Air Magic
 11285 | Lair:1   | Reached skill level 5 in Shields
 11489 | Lair:1   | Reached skill level 1 in Poison Magic
 11561 | Lair:1   | Noticed Gastronok
 11579 | Lair:1   | Killed Gastronok
 11959 | Lair:1   | You are sucked into a shaft and drop 1 floor!
 12049 | Lair:2   | Found a transporter.
 12055 | Lair:2   | Noticed a moth of wrath
 12056 | Lair:2   | Found a bloodstained altar of Trog.
 12064 | Lair:2   | Reached **** piety under Hepliaklqana
 12065 | Lair:2   | Found a transporter.
 12065 | Lair:2   | Noticed a moth of wrath
 12066 | Lair:2   | Noticed Xeumouqe's ghost (journeyman TrBe)
 12066 | Lair:2   | Noticed a spriggan rider
 12082 | Lair:2   | Found a frozen archway.
 12091 | IceCv    | Entered an ice cave
 12101 | IceCv    | Reached skill level 5 in Stealth
 12232 | IceCv    | Noticed a death yak
 12258 | Lair:2   | Noticed a five-headed hydra
 12388 | Lair:1   | Slain by a five-headed hydra

Illustrated notes

Levels and vault maps discovered:
D:1:      kennysheep_arrival_forest, layout_rooms
D:2:      layout_basic
D:3:      layout_basic, nicolae_wu_jian_immortal_techniques,
          mainiacjoe_overflow_surrounded_room, overflow_temple_1_default,
          grunt_temple_overflow_open, shapermc_ecumenical_altar_mp_ritualfount,
          roderic_lattice_a, minmay_between
D:4:      layout_basic, lemuel_coloured_pillars_altar,
          nicolae_qazlal_general_emergency, kennysheep_generic_room_2,
          uniq_duvessa, uniq_blork_the_orc
D:5:      layout_rooms, mainiacjoe_overflow_paths,
          ebering_ghost_reflecting_pool, minmay_misc_feat_rows
D:6:      layout_layer_cave, grunt_gozag_statues, tso_altar, temple_green,
          serial_rivers, chequers_serial_rivers_room_b,
          chequers_serial_rivers_micro_b, chequers_serial_rivers_room_b,
          chequers_serial_rivers_small_a, chequers_serial_rivers_micro_c,
          minmay_hollow_rounded_squares
D:7:      layout_basic, uniq_joseph, uniq_harold
D:8:      layout_cave_pools, minmay_lair_entry_grove
Lair:1:   layout_loops_ring, lemuel_fruit_fields, lemuel_fruit_tree,
          infiniplex_staircase_pool_2, lemuel_fruit_fields, uniq_gastronok
Lair:2:   layout_regular_city, gammafunk_ghost_wrathful_warriors,
          portal_ice_cave_entry_pillars_1, nicolae_lair_run_with_the_wolves,
          uniq_sonja

Skill      XL: |  1  2  3  4  5  6  7  8  9 10 11 |
---------------+----------------------------------+-----
Conjurations   | 6 7 8 9 10 | 10.3
Stealth        | 3 5 |  5.0
Spellcasting   | 3 4 5 7 8 |  8.6
Short Blades   | 2 4 6 8 9 |  9.0
Fighting       | 2 4 6 7 8 |  8.2
Shields        | 1 4 5 |  5.0
Invocations    | 2 3 |  3.6
Dodging        | 4 |  4.4
Air Magic      | 3 |  3.2
Poison Magic   | 2 |  2.6

Action                   |  1- 3 |  4- 6 |  7- 9 | 10-12 || total
-------------------------+-------+-------+-------+-------++-------
Melee: Short sword       |     6 |     4 |     4 |       ||    14
       Kick              |     3 |     3 |     1 |     1 ||     8
       Peck              |     2 |     1 |       |     1 ||     4
       Dagger            |       |       |       |     7 ||     7
 Cast: Magic Dart        |    56 |    40 |    44 |    33 ||   173
       Searing Ray       |     4 |    17 |    54 |    69 ||   144
Invok: Ancestor Life: Kn |       |       |     1 |       ||     1
       Recall Ancestor   |       |       |     1 |     9 ||    10
Evoke: Tin of tremorston |       |       |       |     1 ||     1
  Use: Scroll            |       |     4 |     1 |     5 ||    10
       Potion            |       |       |     1 |     1 ||     2
 Stab: Sleeping          |       |       |       |     1 ||     1
Armor: Robe              |       |     3 |     6 |    26 ||    35
Dodge: Dodged            |     6 |    12 |    30 |   102 ||   150
Block: Buckler           |       |       |       |    14 ||    14
